 Dungeon Crawl Stone Soup version 0.20.1-1-g8b1a95d (console) character file.

1134 hilaritas the Slinger (level 8, -1/55 HPs)
             Began as a Halfling Hunter on Nov 26, 2017.
             Was a Follower of Okawaru.
             Slain by Duvessa
             ... wielding a +2 short sword of draining
              (3 damage)
             ... on level 6 of the Dungeon.
             The game lasted 00:18:09 (5182 turns).

hilaritas the Slinger (Halfling Hunter)             Turns: 5182, Time: 00:18:10

Health: -1/55      AC:  6    Str: 15    XL:     8   Next: 63%
Magic:  7/9        EV: 16    Int:  9    God:    Okawaru [*.....]
Gold:   248        SH:  0    Dex: 15    Spells: 5/7 levels left

rFire    . . .     SeeInvis +   a - +2 hunting sling
rCold    . . .     Gourm    .   (shield restricted)
rNeg     . . .     Faith    .   B - +0 ring mail (curse)
rPois    +         Spirit   .   (no helmet)
rElec    .         Reflect  .   (no cloak)
rCorr    .         Harm     .   (no gloves)
MR       .....                  (no boots)
Stlth    ++........             (no amulet)
Regen    0.2/turn               g - ring of poison resistance
MPRegen  0.2/turn               o - ring of see invisible

@: heroism, heavily drained
A: mutation resistance 1
a: Heroism, Renounce Religion


You were on level 6 of the Dungeon.
You worshipped Okawaru.
Okawaru was aware of your devotion.
You were hungry.

You visited 2 branches of the dungeon, and saw 7 of its levels.

You collected 248 gold pieces.

Inventory:

Hand Weapons
 a - a +2 hunting sling (weapon)
 b - a +0 short sword
 w - a +4 dagger of freezing
Missiles
 i - 74 stones (quivered)
Armour
 e - a +1 ring mail
 v - a +0 leather armour of cold resistance
 B - a cursed +0 ring mail (worn)
Jewellery
 g - a ring of poison resistance (left hand)
 o - a ring of see invisible (right hand)
Wands
 z - a wand of flame (31/48)
Scrolls
 k - a scroll of fear
 m - 2 scrolls of teleportation
 p - a scroll of blinking
 q - 4 scrolls of identify
 y - 2 scrolls of enchant armour
Potions
 c - 3 potions of heal wounds {unknown}
 h - a potion of agility {unknown}
 j - 2 potions of curing
 r - a potion of mutation {unknown}
 s - a potion of flight {unknown}
 u - a potion of degeneration {unknown}
 x - 2 potions of invisibility {unknown}
 A - a potion of lignification {unknown}
Books
 C - a book of Air

   Spells                             Type                      Level
   a - Shock                          Conjuration/Air              1
   b - Swiftness                      Charms/Air                   2
   c - Static Discharge               Conjuration/Air              3
   d - Airstrike                      Air                          4
   e - Lightning Bolt                 Conjuration/Air              5
Comestibles
 f - 6 bread rations
 l - a meat ration
 n - a royal jelly
 t - 5 fruits


   Skills:
 * Level 5.3(7.6) Fighting
 - Level 10.7(12.5) Slings
 * Level 2.9(5.3) Armour
 * Level 3.5(5.8) Dodging
 - Level 1.1(3.6) Stealth
 * Level 2.2(0.0) Invocations


You had 5 spell levels left.
You knew the following spells:

 Your Spells              Type           Power        Failure   Level  Hunger
a - Swiftness             Chrm/Air       #.......     75%         2    ###....


Dungeon Overview and Level Annotations

Branches:
Dungeon (6/15)             Temple (1/1) D:4

Altars:
Cheibriados
Dithmenos
Fedhas
Gozag
Hepliaklqana
Makhleb
Okawaru
Qazlal
Sif Muna
Trog
Uskayaw
Zin

Annotations:
D:6 Dowan, Duvessa


Innate Abilities, Weirdness & Mutations

You are small and have problems with some larger weapons.
You are somewhat resistant to further mutation.


Message History

You shoot a stone. The stone hits Duvessa!
Duvessa is almost dead.
Duvessa hits you with a short sword of draining.
* * * LOW HITPOINT WARNING * * *
You feel drained.
* * * LOW HITPOINT WARNING * * *
You gain the combat prowess of a mighty hero.
Duvessa hits you with a short sword of draining.
* * * LOW HITPOINT WARNING * * *
You feel drained.
* * * LOW HITPOINT WARNING * * *
Firing (i - inventory):
i - 75 stones (quivered)
Press: ? - help, Shift-Dir - straight line, f/p - Dowan
Aim: Dowan, wielding a dagger of freezing and wearing an embroidered robe (severely wounded, unusually resistant)
You shoot a stone. The stone barely misses Duvessa.
The stone barely misses Dowan.
Duvessa hits you with a short sword of draining!
* * * LOW HITPOINT WARNING * * *
You feel drained.
You die...

..((..(.(.
((......
.(..... .(...
...... ((.e
#.#.. .(#
#.#.### #e#
##.....# #@#
#....#.# #.#
#....#.# #.#
#....#.###.#
#.<..#.....#
#.....#######.
#.....'.......
#.....########
#######


You could see Duvessa and Dowan.

Vanquished Creatures
  The ghost of Ymberto the Skirmisher, an amateur HuFi of Okawaru (D:4)
  Menkaure (D:4)
  An ogre (D:4)
  3 scorpions
  A water moccasin skeleton (D:4)
  A howler monkey (D:5)
  A centaur zombie (D:5)
  A crimson imp (D:5)
  2 hounds (D:4)
  2 orc priests
  4 orc wizards
  3 worker ants
  7 adders
  2 shadow imps (D:5)
  An ooze (D:4)
  2 worms
  2 dart slugs (D:1)
  4 leopard geckos
  10 orcs
  8 bats
  4 giant cockroaches
  8 goblins
  9 hobgoblins
  11 jackals
  10 frilled lizards
  10 kobolds
  9 rats
118 creatures vanquished.

Notes
Turn   | Place    | Note
-------+----------+-------------------------------------------
     0 | D:1      | hilaritas the Halfling Hunter began the quest for the Orb.
     0 | D:1      | Reached XP level 1. HP: 14/14 MP: 1/1
    88 | D:1      | Reached skill level 6 in Slings
   117 | D:1      | Reached XP level 2. HP: 19/19 MP: 2/2
   335 | D:1      | Reached XP level 3. HP: 24/24 MP: 3/3
   356 | D:1      | Reached skill level 7 in Slings
   996 | D:2      | Found a shadowy altar of Dithmenos.
   996 | D:2      | Found a blossoming altar of Fedhas.
  1056 | D:2      | Reached XP level 4. HP: 16/29 MP: 4/4
  1223 | D:2      | Found a hazy altar of Hepliaklqana.
  1223 | D:2      | Found an opulent altar of Gozag.
  1691 | D:2      | Reached skill level 8 in Slings
  2140 | D:3      | Reached XP level 5. HP: 32/34 MP: 5/5
  2496 | D:4      | Noticed Menkaure
  2503 | D:4      | Killed Menkaure
  2503 | D:4      | Reached skill level 9 in Slings
  2503 | D:4      | Reached XP level 6. HP: 41/41 MP: 6/6
  2747 | D:4      | Found a staircase to the Ecumenical Temple.
  2748 | D:4      | Noticed an ogre
  2775 | D:4      | Reached skill level 10 in Slings
  2778 | D:4      | Killed an ogre
  2778 | D:4      | Reached XP level 7. HP: 18/46 MP: 7/7
  3092 | Temple   | Entered the Ecumenical Temple
  3134 | Temple   | Became a worshipper of Warmaster Okawaru
  3249 | D:4      | Noticed Ymberto's ghost (amateur HuFi)
  3268 | D:4      | Killed Ymberto's ghost
  3547 | D:4      | Reached skill level 1 in Armour
  3547 | D:4      | Reached skill level 1 in Invocations
  3925 | D:4      | Reached XP level 8. HP: 53/54 MP: 7/9
  4055 | D:5      | Entered Level 5 of the Dungeon
  4585 | D:5      | Learned a level 2 spell: Swiftness
  4638 | D:5      | Reached * piety under Okawaru
  4638 | D:5      | Reached skill level 5 in Fighting
  5152 | D:6      | Noticed Duvessa
  5152 | D:6      | Noticed Dowan
  5182 | D:6      | HP: 2/55 [Duvessa/short sword of draining (8)]
  5182 | D:6      | Slain by Duvessa

Skill      XL: |  1  2  3  4  5  6  7  8 |
---------------+-------------------------+-----
Slings         | 6 7 8 9 10 | 10.7
Fighting       | 2 3 4 5 |  5.3
Armour         | 1 2 |  2.9
Invocations    | 1 2 |  2.2
Dodging        | 3 |  3.5
Stealth        | |  1.1

Action                   |  1- 3 |  4- 6 |  7- 9 || total
-------------------------+-------+-------+-------++-------
Melee: Short sword       |    74 |     8 |       ||    82
       Dagger            |       |       |    17 ||    17
 Fire: Hunting sling     |    56 |   110 |   212 ||   378
Throw: Stone             |       |    54 |       ||    54
Invok: Heroism           |       |       |     1 ||     1
  Use: Scroll            |       |     7 |     2 ||     9
       Potion            |       |       |     1 ||     1
  Eat: Chunk             |       |     5 |     7 ||    12
Armor: Ring mail         |    24 |    19 |    13 ||    56
Dodge: Dodged            |    57 |    39 |    43 ||   139
